 Dungeon Crawl Stone Soup version 0.30-a0-776-g08fbeb92c1 (webtiles) character file.

Game seed: 9432025784025036480

103835 Kenran the Brawler (level 15, -13/144 HPs)
             Began as a Troll Monk on Feb 13, 2023.
             Was the Champion of Hepliaklqana.
             Mangled by a naga warrior
             ... wielding a +0 dire flail
              (27 damage)
             ... on level 3 of the Abyss.
             The game lasted 00:59:36 (18998 turns).

Kenran the Brawler (Troll Monk)                    Turns: 18998, Time: 00:59:37

Health: -13/144    AC:  6    Str: 23 (25) XL:     15   Next: 90%
Magic:  21/21      EV: 14    Int:  6      God:    Hepliaklqana [******]
Gold:   1667       SH: 11    Dex: 16      Spells: 14/14 levels left

rFire   + . .      SeeInvis .      - Unarmed
rCold   + . .      Faith    .    I - +0 kite shield
rNeg    . . .      Spirit   .    Q - +0 troll leather armour
rPois   .          Reflect  .    (helmet restricted)
rElec   .          Harm     .    W - scarf {rC+ rF+}
rCorr   .          Rampage  .    (gloves unavailable)
Will    +....                    (boots unavailable)
Stlth   ++                       (no amulet)
HPRegen 2.04/turn                r - +5 ring of evasion
MPRegen 0.17/turn                A - +4 ring of slaying

@: lethally poisoned (-13 -> -14), constricted, studying Necromancy
A: reduced essence, large, unfitting armour, claws 3, regeneration 1, shaggy fur
1, tough skin 1, deterioration 1
a: Renounce Religion, Recall Ancestor, Ancestor Identity, Transference, Idealise


You were on level 3 of the Abyss.
You worshipped Hepliaklqana.
Hepliaklqana was exalted by your worship.
You visited 4 branches of the dungeon, and saw 22 of its levels.
You visited the Abyss 1 time.
You also visited: Sewer, Ossuary and Ice Cave.

You collected 1824 gold pieces.
You spent 157 gold pieces at shops.

Inventory:

Missiles
 a - 4 javelins
 h - 24 poisoned darts
 i - 3 throwing nets
 k - 165 stones (quivered)
 C - 3 curare-tipped darts
 M - 22 boomerangs
 R - 28 large rocks
 Z - 5 atropa-tipped darts
Armour
 I - a +0 kite shield (worn)
 Q - a +0 troll leather armour (worn)
 W - a scarf of resistance (worn)
 Y - the +3 hat of Pondering {ponderous, Will+ MP+10 Int+5}
   (You took it off Gastronok on level 12 of the Dungeon)

   Int:       It affects your intelligence (+5).
   MP:        It affects your magic capacity (+10).
   Will:      It increases your willpower.
Jewellery
 r - a +5 ring of evasion (left claw)
 A - a +4 ring of slaying (right claw)
 S - a ring of ice
 U - a ring of willpower
Wands
 z - a wand of roots (11)
 G - a wand of charming (18)
 H - a wand of mindburst (14)
 K - a wand of light (14)
 O - a wand of polymorph (10)
 P - a wand of flame (38)
 V - a wand of digging (2)
Scrolls
 f - a scroll of silence
 g - 4 scrolls of fog
 j - 2 scrolls of butterflies
 n - 5 scrolls of immolation {!r}
 o - a scroll of fear
 q - 6 scrolls of magic mapping
 s - 3 scrolls of identify {@r1}
 t - 4 scrolls of enchant weapon
 u - 5 scrolls of amnesia
 v - 4 scrolls of blinking
 x - 2 scrolls of poison {!r}
 y - 5 scrolls of teleportation
 E - 2 scrolls of brand weapon
 L - 2 scrolls of enchant armour
Potions
 b - 6 potions of ambrosia
 c - 10 potions of flight
 d - a potion of lignification {!q}
 e - 6 potions of brilliance
 l - 3 potions of heal wounds {@q2}
 m - 2 potions of berserk rage {!q}
 p - 4 potions of attraction {!q}
 w - a potion of might
 B - 7 potions of curing {@q1}
 D - a potion of invisibility
 F - 4 potions of haste
 J - 2 potions of magic
 X - a potion of resistance
Miscellaneous
 T - a box of beasts


   Skills:
 * Level 13.6 Fighting
 - Level 7.0 Throwing
 - Level 3.0 Armour
 - Level 8.0 Dodging
 - Level 1.0 Stealth
 - Level 8.0 Shields
 + Level 15.0 Unarmed Combat
 + Level 10.3 Invocations
 - Level 5.0 Evocations


You had 14 spell levels left.
You didn't know any spells.
Your spell library contained the following spells:

 Spells                   Type           Power      Damage    Failure   Level
 Beastly Appendage        Tmut           0%         N/A       75%         1
 Foxfire                  Conj/Fire      0%         2x1d4     75%         1
 Static Discharge         Conj/Air       0%         2-2/arc   86%         2
 Wereblood                Tmut           0%         N/A       86%         2
 Frozen Ramparts          Ice            0%         1d1       98%         3
 Gell's Gravitas          Tloc           0%         N/A       98%         3
 Ignite Poison            Fire/Tmut/Pois 0%         N/A       98%         3
 Kindle Blastsparks       Fire/Tloc/Air  0%         2d10      98%         3
 Spider Form              Tmut/Pois      0%         N/A       98%         3
 Summon Guardian Golem    Hex/Summ       0%         N/A       98%         3
 Teleport Other           Tloc           0%         N/A       98%         3
 Vhi's Electric Charge    Tloc/Air       0%         N/A       98%         3
 Fulminant Prism          Conj/Hex       0%         3d5       100%        4
 Ice Form                 Ice/Tmut       0%         N/A       100%        4
 Iskenderun's Mystic Bla  Conj/Tloc      0%         2d3       100%        4
 Manifold Assault         Tloc           0%         N/A       100%        4
 Sticky Flame             Conj/Fire      0%         2d3       100%        4
 Arcjolt                  Conj/Air       0%         1d10      100%        5
 Fireball                 Conj/Fire      0%         3d3       100%        5
 Lee's Rapid Deconstruct  Erth           0%         3d4*      100%        5
 Lightning Bolt           Conj/Air       0%         1d11      100%        5
 Metabolic Englaciation   Hex/Ice        0%         N/A       100%        5
 Silence                  Hex/Air        0%         N/A       100%        5
 Summon Forest            Summ/Tloc      0%         N/A       100%        5
 Summon Mana Viper        Hex/Summ       0%         N/A       100%        5
 Yara's Violent Unravell  Hex/Tmut       0%         3d3       100%        5
 Dispersal                Tloc           0%         N/A       100%        6
 Starburst                Conj/Fire      0%         6d3       100%        6
 Summon Cactus Giant      Summ           0%         N/A       100%        6
 Enfeeble                 Hex            0%         N/A       100%        7
 Disjunction              Tloc           0%         N/A       100%        8
 Ignition                 Fire           0%         3d3       100%        8


Dungeon Overview and Level Annotations

Branches:
Dungeon (14/15)            Temple (1/1) D:4            Lair (5/5) D:10
 Shoals (0/4) Lair:3       Spider (0/4) Lair:2        Slime (0/5) Lair:5
    Orc (2/2) D:12            Elf (0/3) Orc:2         Sewer (visited)
Ossuary (visited)           IceCv (visited)
 Vaults: D:13-14

Altars:
Ashenzari
Cheibriados
Dithmenos
Elyvilon
Fedhas
Gozag
Hepliaklqana
Kikubaaqudgha
Makhleb
Nemelex Xobeh
Okawaru
Qazlal
Ru
Sif Muna
Trog
Uskayaw
Vehumet
Wu Jian
Xom
Yredelemnul
Zin
The Shining One
Jiyva

Shops:
D:4 *   D:13 :   Orc:1 ?   Orc:2 *?(:

Portals:
Abyss: D:12
Pandemonium: Orc:2

Annotations:
D:12 2 transporters, vrbfk's ghost, journeyman MiFi
Lair:4 exclusion: oklob plant


Innate Abilities, Weirdness & Mutations

Your life essence is reduced to manifest your ancestor. (-10% HP)
You are too large for most types of armour.
You have claws for hands.
Your natural rate of healing is unusually fast.
You are covered in fur. (AC +1)
You have tough skin. (AC +1)
Your body sometimes deteriorates upon taking damage.


Message History

Necuametl hits the guardian serpent with a +0 quarterstaff!!
You closely miss the guardian serpent.
The guardian serpent is severely wounded.
The guardian serpent casts a spell at you.
The small abomination blinks!
The naga warrior blinks!
Necuametl barely misses the guardian serpent.
The guardian serpent hits you!
Necuametl closely misses the guardian serpent.
The guardian serpent completely misses you.
You mangle the guardian serpent!!
You kill the guardian serpent!
You block the small abomination's attack.
The naga warrior barely misses you. The naga warrior grabs you.
The naga warrior constricts you.
Necuametl barely misses the naga warrior.
The small abomination hits you.
You feel the corruption within you wane completely.
Your magic regains its normal vibrancy.
You barely miss the small abomination.
You block the small abomination's attack.
The naga warrior hits you with a +0 dire flail!!!
* * * LOW HITPOINT WARNING * * *
The naga warrior constricts you.
* * * LOW HITPOINT WARNING * * *
Necuametl casts a spell at the naga warrior.
The stone arrow hits the naga warrior!
Your magical effects are unravelling.
You feel magically purged.
You feel yourself speed up.
The small abomination closely misses you.
You block the naga warrior's attack. The naga warrior constricts you.
* * * LOW HITPOINT WARNING * * *
Necuametl hits the naga warrior with a +0 quarterstaff!
The small abomination hits you!
* * * LOW HITPOINT WARNING * * *
The naga warrior spits poison at you.
The splash of poison hits you but does no damage.
You are poisoned.
The naga warrior hits you with a +0 dire flail!!
You die...

.. ..⌠ #....# #...#
. ##..# ..
##...######### +⌠
...#...⌠....⌠..⌠.⌠⌠.
............. ♣.♣ P
#.NNR.#.. .#
#..@###...## .#.# #
##x## ##.### . . ..
#.. . .# . # . .
#... ..#. .# ....
..... ......##.. #
..#... # #...#... ..
. ..###.. ≈. .. #...
..#.# .# ##.
###..##. # ## # .#
#.#


You could see the friendly Necuametl the battlemage, 2 naga warriors and a small
abomination.

Vanquished Creatures
  Jorgrun (D:12)
  A tentacled starspawn (Abyss:3)
  An orc warlord (D:11)
  5 dire elephants (Lair:5)
  A vault guard (D:14)
  Harold (D:10)
  Erolcha (D:12)
  A catoblepas (D:13)
  A hydra (Lair:5)
  2 demonspawn (Orc:2)
  2 centaur warriors
  4 two-headed ogres
  4 orc high priests (Orc:2)
  Urug (Lair:1)
  2 wretched stars (Abyss:3)
  Amaemon (D:8)
  A spectral death yak (Lair:5)
  A spectral anaconda (Lair:5)
  4 necromancers
  8 orc knights
  4 ugly things
  Pikel (D:3)
  An obsidian statue (Lair:5)
  8 orc sorcerers
  3 cyclopes
  A guardian serpent (Abyss:3)
  4 black mambas
  16 elephants
  2 torpor snails
  An ice statue (IceCv)
  4 cane toads
  2 orange demons
  An unseen horror (D:11)
  2 rime drakes
  2 freezing wraiths (IceCv)
  6 komodo dragons
  2 kobold demonologists (D:10)
  2 efreet
  2 tengu conjurers (D:14)
  11 ice devils (IceCv)
  2 trolls
  Grinder (D:4)
  4 polar bears (Lair:4)
  A spectral elephant (Lair:5)
  12 blink frogs
  2 slime creatures (D:13)
  A shadow (D:9)
  Eustachio (D:6)
  2 wyverns
  3 wraiths
  39 yaks
  4 humans (D:14)
  Grum (D:8)
  2 basilisks
  2 spectral cane toads (Lair:5)
  4 vampire mosquitoes (D:13)
  A death yak simulacrum (Lair:5)
  A swamp worm (shapeshifter) (D:10)
  3 harpy simulacra (IceCv)
  An acid dragon (D:12)
  2 wargs
  12 water moccasins
  A hydra simulacrum (IceCv)
  Duvessa (D:7)
  25 orc warriors
  2 ice beasts (D:6)
  3 black bears
  An elephant zombie (Lair:5)
  3 ogres
  13 wolves
  A lemure (D:3)
  An elephant skeleton (Lair:5)
  4 centaurs
  A kobold brigand (D:10)
  10 bullfrogs
  An elf zombie (Ossuary)
  5 gnoll sergeants
  A scorpion (D:6)
  4 cane toad simulacra (IceCv)
  10 wights
  Dowan (D:7)
  4 elephant simulacra (IceCv)
  13 killer bees
  2 howler monkeys
  An electric eel (Lair:3)
  2 centaur zombies (Ossuary)
  2 jellies
  21 orc priests
  4 hounds
  Ijyb (D:4)
  Natasha (thrice) (D:4)
  3 iguanas
  7 orc wizards
  2 troll simulacra
  2 spriggan simulacra
  3 polar bear simulacra (IceCv)
  5 wolf simulacra (IceCv)
  A mummy (Ossuary)
  Robin (D:4)
  15 gnolls
  11 adders
  A shadow imp (D:7)
  2 white imps
  An adder zombie (Ossuary)
  4 worms
  3 dart slugs
  47 orcs
  18 ball pythons
  4 bats
  9 endoplasms
  13 giant cockroaches
  20 goblins
  13 hobgoblins
  5 jackals (D:2)
  8 kobolds
  6 quokkas
  12 frilled lizards
  A goblin zombie (Ossuary)
  9 hobgoblin zombies (Ossuary)
  8 kobold zombies (Ossuary)
  4 orc zombies (Ossuary)
  5 rats
  A rat zombie (Ossuary)
  A withered plant (Lair:5)
605 creatures vanquished.

Vanquished Creatures (collateral kills)
  Gastronok (D:12)
  An orc warlord (Orc:2)
  3 hydras
  A demonspawn (Orc:2)
  A two-headed ogre (D:11)
  A thrashing horror (Abyss:3)
  A fire crab (shapeshifter) (D:14)
  A soul eater (Orc:2)
  An orb spider (Lair:2)
  2 necromancers
  An orc sorcerer (Orc:1)
  4 ugly things
  An oklob plant (Lair:1)
  A cyclops (Orc:2)
  A rust devil (Orc:2)
  2 black mambas
  9 elephants
  A dire elephant skeleton (Lair:5)
  A rime drake (Lair:4)
  2 unseen horrors
  3 komodo dragons
  Maggie (Lair:1)
  2 ice devils (IceCv)
  2 anaconda simulacra (IceCv)
  A tengu conjurer (D:14)
  A polar bear (Lair:5)
  5 trolls
  9 blink frogs
  A spectral elephant (Lair:5)
  A snapping turtle (Lair:3)
  4 slime creatures
  A vampire (D:13)
  2 dire elephant simulacra (IceCv)
  17 yaks
  4 wyverns
  A basilisk (Lair:1)
  7 humans (D:14)
  6 wargs
  9 water moccasins
  2 acid dragons
  A sky beast (D:8)
  2 swamp drakes (D:13)
  An ice beast (D:5)
  8 orc warriors
  4 wolves
  2 ogres
  The ghost of DryNick the Magician, an amateur DjHW (D:6)
  A kobold brigand (D:10)
  5 bullfrogs
  A cane toad simulacrum (IceCv)
  2 scorpions
  A gnoll sergeant (D:11)
  A wight (D:8)
  2 two-headed ogre simulacra (IceCv)
  2 elephant simulacra (IceCv)
  6 killer bees
  A howler monkey (D:13)
  A centaur zombie (Ossuary)
  Crazy Yiuf (D:5)
  6 orc priests
  3 jellies
  8 orc wizards
  A polar bear simulacrum (IceCv)
  A mummy (Ossuary)
  6 gnolls
  An adder (D:4)
  An ufetubus (IceCv)
  A dart slug (D:8)
  30 orcs
  A goblin zombie (Ossuary)
  2 hobgoblin zombies (Ossuary)
  3 kobold zombies (Ossuary)
  3 orc zombies (Ossuary)
225 creatures vanquished.

Vanquished Creatures (others)
  23 battlemagi
  12 fungi
  31 plants
  10 withered plants (Lair:5)
76 creatures vanquished.

Grand Total: 906 creatures vanquished

Notes
Turn   | Place    | Note
-------+----------+-------------------------------------------
     0 | D:1      | Kenran the Troll Monk began the quest for the Orb.
     0 | D:1      | Reached XP level 1. HP: 22/22 MP: 0/0
   184 | D:1      | Reached XP level 2. HP: 29/29 MP: 1/1
   260 | D:1      | Got Womupeut's Dissertation on Transposed Ensorcelling
   289 | D:1      | Reached skill level 4 in Unarmed Combat
   527 | D:1      | Reached XP level 3. HP: 36/36 MP: 2/2
   915 | D:2      | Reached skill level 1 in Throwing
   915 | D:2      | Reached XP level 4. HP: 43/45 MP: 3/3
  1466 | D:3      | Found a glowing drain.
  1479 | Sewer    | Entered a sewer
  1565 | Sewer    | Reached XP level 5. HP: 53/53 MP: 4/4
  1655 | Sewer    | Reached skill level 5 in Unarmed Combat
  1721 | Sewer    | Reached skill level 6 in Unarmed Combat
  1721 | Sewer    | Reached XP level 6. HP: 58/61 MP: 5/5
  2363 | D:4      | Noticed Pikel
  2428 | D:4      | Found Nusez's Assorted Antiques.
  2464 | D:3      | Killed Pikel
  2465 | D:3      | Reached skill level 7 in Unarmed Combat
  2465 | D:3      | Reached XP level 7. HP: 33/70 MP: 6/6
  2525 | D:4      | Noticed Grinder
  2529 | D:4      | Noticed Robin
  2570 | D:4      | Killed Grinder
  2571 | D:4      | Reached XP level 8. HP: 78/78 MP: 7/7
  2577 | D:4      | Killed Robin
  2666 | D:4      | Reached skill level 8 in Unarmed Combat
  2687 | D:4      | Noticed Natasha
  2691 | D:4      | Killed Natasha
  2766 | D:4      | Found a staircase to the Ecumenical Temple.
  2789 | Temple   | Entered the Ecumenical Temple
  3120 | Temple   | Became a worshipper of Hepliaklqana the Forgotten
  3120 | Temple   | Reached * piety under Hepliaklqana
  3120 | Temple   | Reached ** piety under Hepliaklqana
  3124 | Temple   | Remembered your ancestor Necuametl as a battlemage
  3274 | D:4      | Noticed Natasha
  3278 | D:4      | Killed Natasha
  3311 | D:4      | Noticed Natasha
  3316 | D:4      | Killed Natasha
  3366 | D:4      | Noticed Ijyb
  3377 | D:4      | Killed Ijyb
  3571 | D:5      | Entered Level 5 of the Dungeon
  3641 | D:5      | Reached skill level 5 in Fighting
  3673 | D:5      | Found a white marble altar of Elyvilon.
  3748 | D:5      | Identified the +0 trident of Absolution {flame, rPois
                  | Will+}
  4302 | D:5      | Found a runed translucent door.
  4303 | D:5      | Noticed Crazy Yiuf
  4349 | D:5      | Killed Crazy Yiuf
  4430 | D:6      | Reached skill level 1 in Evocations
  4438 | D:6      | Reached XP level 9. HP: 46/79 MP: 8/8
  4600 | D:6      | Reached skill level 9 in Unarmed Combat
  4652 | D:6      | Noticed Eustachio
  4653 | D:6      | Found the +5 robe of Misfortune {Harm *Corrode *Slow EV+5}
  4659 | D:6      | Killed Eustachio
  4688 | D:6      | Reached skill level 10 in Unarmed Combat
  4762 | D:6      | Found a runed translucent gate.
  4765 | D:6      | Found a runed translucent gate.
  4765 | D:6      | Found a runed translucent gate.
  4765 | D:6      | Found an opulent altar of Gozag.
  4767 | D:6      | Noticed DryNick's ghost (amateur DjHW)
  4841 | D:6      | Reached skill level 1 in Invocations
  5016 | D:6      | Reached *** piety under Hepliaklqana
  5166 | D:6      | Killed DryNick's ghost
  5389 | D:7      | Noticed Duvessa
  5392 | D:7      | Noticed Dowan
  5396 | D:7      | Killed Duvessa
  5401 | D:7      | Killed Dowan
  5432 | D:7      | Reached skill level 5 in Dodging
  5532 | D:7      | Found a sand-covered staircase.
  5540 | Ossuary  | Entered an ossuary
  5834 | D:7      | Reached XP level 10. HP: 90/90 MP: 10/10
  5963 | D:7      | Reached skill level 1 in Shields
  6354 | D:8      | Found a sparkling altar of Nemelex Xobeh.
  6357 | D:8      | Found an ancient bone altar of Kikubaaqudgha.
  6362 | D:8      | Found a blossoming altar of Fedhas.
  6400 | D:8      | Reached **** piety under Hepliaklqana
  6486 | D:8      | Found a sacrificial altar of Ru.
  6563 | D:8      | Found a radiant altar of Vehumet.
  6588 | D:8      | Noticed Grum
  6650 | D:8      | Killed Grum
  6741 | D:8      | Found a snail-covered altar of Cheibriados.
  6745 | D:8      | Noticed an orange demon
  6748 | D:8      | Noticed Amaemon
  6753 | D:8      | Killed an orange demon
  6754 | D:8      | Reached skill level 5 in Throwing
  6761 | D:8      | Killed Amaemon
  7265 | D:9      | Reached skill level 11 in Unarmed Combat
  7342 | D:9      | Reached XP level 11. HP: 84/99 MP: 12/12
  7935 | D:10     | Entered Level 10 of the Dungeon
  7944 | D:10     | Found a staircase to the Lair.
  8211 | D:10     | Noticed Harold
  8222 | D:10     | Killed Harold
  8234 | D:10     | Gained mutation: Your body sometimes deteriorates upon
                  | taking damage. [potion of mutation]
  8238 | D:10     | Noticed a centaur warrior
  8269 | D:10     | Reached skill level 12 in Unarmed Combat
  8272 | D:10     | Killed a centaur warrior
  8719 | D:10     | Found a bloodstained altar of Trog.
  8719 | D:10     | Found an ornate altar of the Wu Jian Council.
  8952 | D:10     | Noticed a two-headed ogre
  8958 | D:10     | Killed a two-headed ogre
  8998 | D:10     | Noticed a lindwurm
  9065 | Lair:1   | Entered Level 1 of the Lair of Beasts
  9110 | Lair:1   | Reached skill level 5 in Invocations
  9110 | Lair:1   | Reached XP level 12. HP: 91/109 MP: 14/14
  9172 | Lair:1   | Noticed Maggie
  9189 | Lair:1   | Killed Maggie
  9268 | Lair:1   | Reached skill level 10 in Fighting
  9337 | Lair:1   | Reached ***** piety under Hepliaklqana
  9356 | Lair:1   | Noticed Urug
  9366 | Lair:1   | Killed Urug
  9368 | Lair:1   | HP: 5/113 [yak (13)]
  9385 | Lair:1   | Reached skill level 5 in Shields
  9531 | Lair:1   | Identified the +11 long sword of the Freezing Gods {freeze,
                  | Int+3}
 10340 | Lair:2   | Reached skill level 13 in Unarmed Combat
 10566 | Lair:2   | Found a hole to the Spider Nest.
 11038 | Lair:3   | Reached XP level 13. HP: 113/119 MP: 16/16
 11528 | Lair:3   | Found a staircase to the Shoals.
 12492 | Lair:4   | Reached skill level 14 in Unarmed Combat
 12852 | Lair:5   | Entered Level 5 of the Lair of Beasts
 12867 | Lair:5   | Found a runed translucent door.
 12868 | Lair:5   | Found a viscous altar of Jiyva.
 12872 | Lair:5   | Found a staircase to the Slime Pits.
 13096 | Lair:5   | Reached XP level 14. HP: 130/134 MP: 18/18
 13155 | Lair:5   | Reached ****** piety under Hepliaklqana
 13944 | D:11     | Found a frozen archway.
 13992 | IceCv    | Entered an ice cave
 14373 | IceCv    | Found an ancient bone altar of Kikubaaqudgha.
 14555 | IceCv    | Got the Papyrus of Chilblains
 15235 | D:12     | Found a transporter.
 15241 | D:12     | Found a staircase to the Orcish Mines.
 15352 | D:12     | Noticed Jorgrun
 15364 | D:12     | Killed Jorgrun
 15365 | D:12     | Reached skill level 5 in Evocations
 15457 | D:12     | Noticed Gastronok
 15466 | D:12     | Killed Gastronok
 15507 | D:12     | Noticed a cacodemon
 15509 | D:12     | Noticed vrbfk's ghost (journeyman MiFi)
 15531 | D:12     | Noticed Erolcha
 15546 | D:12     | Killed Erolcha
 15579 | D:12     | Found a one-way gate to the infinite horrors of the Abyss.
 15596 | D:12     | Found a transporter.
 15688 | Orc:1    | Entered Level 1 of the Orcish Mines
 15712 | Orc:1    | Noticed an orc warlord
 15729 | Orc:1    | Paralysed by an orc sorcerer for 5 turns
 15810 | D:11     | Killed an orc warlord
 15884 | D:12     | Reached skill level 1 in Armour
 15972 | Orc:1    | You fall into a shaft and drop 1 floor!
 15972 | Orc:2    | Entered Level 2 of the Orcish Mines
 15972 | Orc:2    | Found Jeobad's Magic Scroll Shoppe.
 16054 | Orc:2    | Reached XP level 15. HP: 141/141 MP: 20/20
 16179 | Orc:2    | Found a staircase to the Elven Halls.
 16203 | Orc:2    | Found Imeqys's General Store.
 16612 | Orc:2    | Bought a scroll of blinking for 97 gold pieces
 16884 | Orc:2    | Paralysed by an orc sorcerer for 3 turns
 17075 | Orc:2    | Found Roithrick's Antique Weapon Shop.
 17075 | Orc:2    | Found a one-way gate leading to the halls of Pandemonium.
 17075 | Orc:2    | Found Owash's Book Boutique.
 17404 | Orc:1    | Found Vemebop's Magic Scroll Shop.
 17412 | Orc:1    | Bought a scroll of fear for 60 gold pieces
 18217 | D:13     | Found Itsyq's Book Shop.
 18290 | D:13     | Reached skill level 10 in Invocations
 18323 | D:13     | Identified the +8 war axe of Xorra {venom, rPois rC- Int+6}
 18919 | Abyss:3  | Cast into level 3 of the Abyss (a wizard)
 18929 | Abyss:3  | Found a corrupted altar of Lugonu.
 18976 | Abyss:3  | Noticed a tentacled starspawn
 18984 | Abyss:3  | Killed a tentacled starspawn
 18990 | Abyss:3  | Reached skill level 15 in Unarmed Combat
 18998 | Abyss:3  | Mangled by a naga warrior

Illustrated notes

Levels and vault maps discovered:
D:1:      scummos_arrival_simple_fountains, layout_basic
D:2:      layout_basic, minmay_split_cup_small
D:3:      cheibrodos_greedy_goblins, layout_basic, cheibrodos_sewer_entry_bend,
          hangedman_decor_push
D:4:      layout_rooms, minmay_temple_entry_stoned_glass, serial_shops,
          nicolae_shop_temple_entry_statues_fountains, dk_vineyard_3,
          hangedman_decor_lopped, guppyfry_early_orc_mine, uniq_ijyb,
          uniq_robin, uniq_natasha, uniq_pikel, uniq_grinder
D:5:      layout_basic, nicolae_elyvilon_temple_path, uniq_crazy_yiuf_cottage
D:6:      layout_loops_cross, ebering_ghost_gozag, uniq_eustachio
D:7:      layout_loops_cross, enter_ossuary_3, st_stairs_2, uniq_duvessa
D:8:      layout_loops_corners, nicolae_vehumet_radiance,
          mainiacjoe_overflow_alcove_4, kennysheep_slug_shrine,
          grunt_temple_overflow_diamond, uniq_amaemon, uniq_grum
D:9:      layout_loops_ring, serial_bayou_pond_e
D:10:     minmay_ornate_pinched, layout_gridville,
          gammafunk_temple_overflow_statue, david_lair_generic,
          minmay_lindwurm_lava, uniq_harold
D:11:     layout_cave_pools, portal_ice_cave_entry_ice_simulacra,
          kennysheep_windowed_goal
D:12:     layout_big_octagon, minmay_orc_entry_temple_small,
          gammafunk_ghost_abyssal_escape, uniq_jorgrun, uniq_gastronok,
          uniq_erolcha
D:13:     layout_long_grid, serial_shops, kennysheep_mini_moat, pond
D:14:     layout_cave_pods, grunt_vaults_entry_tiered,
          hellmonk_bongcloud_opening, grunt_ministairs_4,
          nicolae_elevator_lobby_plus
Temple:   oiseaux_autumnal_temple
Lair:1:   layout_misc_corridors, minmay_lair_oklob_items, minivault_24,
          uniq_urug, uniq_maggie
Lair:2:   layout_gridlike, nicolae_spider_entry_orb_guardian, st_stairs_10,
          chequers_serial_rivers_small_3
Lair:3:   layout_chaotic_city, minmay_shoals_entry_hut,
          chequers_serial_rivers_large_b
Lair:4:   layout_cave_pods, chequers_serial_rivers_small_3, st_stairs_8,
          serial_bayou_pond_a, grunt_megastairs_2
Lair:5:   due_jungle_book, layout_big_grid, slime_entry_2, lemuel_old_faithful
Orc:1:    layout_diamond_mine, basic_altar, serial_shops, shop
Orc:2:    pf_orc_diabolical, layout_caves, nicolae_orc_rockfall
Abyss:3:  base: Temple, spicy_pingpong_abyss_rune,
          hangedman_abyss_or_decor_stabs

Skill      XL: |  1  2  3  4  5  6  7  8  9 10 11 12 13 14 15 |
---------------+----------------------------------------------+-----
Unarmed Combat | 4 6 7 8 10 11 12 13 14 15 | 15.0
Fighting       | 3 4 5 6 8 10 12 13 | 13.6
Throwing       | 1 2 3 4 5 7 |  7.0
Dodging        | 4 5 6 8 |  8.0
Evocations     | 1 2 3 5 |  5.0
Invocations    | 2 3 5 6 7 9 10 | 10.3
Shields        | 3 4 5 7 8 |  8.0
Armour         | 1 3 |  3.0
Stealth        | |  1.0

Action                     |  1- 3 |  4- 6 |  7- 9 | 10-12 | 13-15 || total
---------------------------+-------+-------+-------+-------+-------++-------
  Melee: Unarmed           |   105 |   182 |   234 |   471 |   970 ||  1962
         Punch             |     3 |     9 |     9 |       |       ||    21
  Throw: Dart              |       |       |       |     6 |       ||     6
         Stone             |       |       |       |     6 |    37 ||    43
         Large rock        |       |       |       |       |     7 ||     7
 Invoke: Ancestor Life: Ba |       |       |     1 |       |       ||     1
         Recall Ancestor   |       |       |       |       |     2 ||     2
  Evoke: Wand              |       |       |       |     5 |    19 ||    24
    Use: Scroll            |       |     5 |     3 |    11 |    12 ||    31
         Potion            |       |     2 |     1 |    12 |     4 ||    19
   Stab: Sleeping          |     3 |     2 |     1 |     1 |     1 ||     8
         Distracted        |       |       |     1 |     5 |    14 ||    20
 Armour: Robe              |    21 |    45 |    35 |    36 |       ||   137
         Skin              |       |       |    15 |    17 |     2 ||    34
         Troll leather arm |       |       |       |    33 |   159 ||   192
  Dodge: Dodged            |    52 |   123 |   116 |   320 |   527 ||  1138
  Block: Kite shield       |       |       |    14 |   244 |   506 ||   764

Table legend: (Time is in decaauts)
 A = Elapsed time spent in this place.
 B = Non-inter-level travel time spent in this place.
 C = Inter-level travel time spent in this place.
 D = Time resting spent in this place.
 E = Time spent auto-exploring this place.
 F = Levels seen in this place.
 G = Mean time per level.
                   A        B        C        D        E       F      G
               +--------+--------+--------+--------+--------+-----+--------+
         Total |  18826 |  17869 |    957 |   1204 |   9377 |  26 |  724.1 |
       Dungeon |  10313 |   9786 |    527 |    642 |   5790 |  14 |  736.6 |
        Temple |    350 |    296 |     54 |      0 |    185 |   1 |  350.0 |
          Lair |   4782 |   4539 |    243 |    272 |   2393 |   5 |  956.4 |
  Orcish Mines |   2008 |   1876 |    132 |    175 |    789 |   2 | 1004.0 |
         Abyss |     77 |     77 |      0 |     12 |      0 |   1 |   77.0 |
         Sewer |    282 |    282 |      0 |      0 |     33 |   1 |  282.0 |
       Ossuary |    190 |    190 |      0 |      0 |     72 |   1 |  190.0 |
      Ice Cave |    820 |    820 |      0 |    103 |    115 |   1 |  820.0 |
               +--------+--------+--------+--------+--------+-----+--------+

Top non-repeatable levels by time:
   Orc:2: 1425 daAuts
    D:10: 1097 daAuts
  Lair:4: 1061 daAuts
  Lair:2: 1029 daAuts
     D:8: 961 daAuts
  Lair:5: 922 daAuts
     D:6: 920 daAuts
  Lair:3: 902 daAuts
  Lair:1: 866 daAuts
     D:9: 846 daAuts
   IceCv: 820 daAuts
     D:5: 812 daAuts
     D:3: 800 daAuts
    D:13: 769 daAuts
     D:4: 755 daAuts
